 Dungeon Crawl Stone Soup version 0.28-b1-25-g9875b3fc8c (webtiles) character file.

Game seed: 2202936886088256368

738 crazypyro the Ruffian (level 7, -6/52 HPs)
             Began as a Demonspawn Fighter on Jan 31, 2022.
             Mangled by a very large slime creature (18 damage)
             ... on level 5 of the Dungeon.
             The game lasted 00:05:42 (4744 turns).

crazypyro the Ruffian (Demonspawn Fighter)          Turns: 4744, Time: 00:05:43

Health: -6/52      AC:  6    Str: 18    XL:     7   Next: 46%
Magic:  7/7        EV:  9    Int:  9    God:
Gold:   187        SH:  4    Dex: 13    Spells: 6/6 levels left

rFire   . . .      SeeInvis .     - Unarmed
rCold   . . .      Faith    .   b - +0 buckler
rNeg    . . .      Spirit   .   a - +0 scale mail
rPois   +          Reflect  .   (helmet restricted)
rElec   .          Harm     .   (no cloak)
rCorr   .          Rampage  .   (no gloves)
Will    .....                   i - +0 pair of boots
Stlth   ..........              (no amulet)
HPRegen 0.17/turn               g - ring of poison resistance
MPRegen 0.10/turn               (no ring)

@: corroded
A: horns 1, yellow scales 1
a: no special abilities


You were on level 5 of the Dungeon.
You visited 1 branch of the dungeon, and saw 5 of its levels.

You collected 187 gold pieces.

Inventory:

Armour
 a - a +0 scale mail (worn)
 b - a +0 buckler (worn)
 i - a +0 pair of boots (worn)
Jewellery
 g - a ring of poison resistance (left hand)
Wands
 p - a wand of iceblast (13)
Scrolls
 f - a scroll of immolation
 o - 2 scrolls of identify {unknown}
Potions
 c - 2 potions of might
 d - a potion of curing {unknown}
 e - a potion of flight {unknown}
 h - a potion of attraction {unknown}
 k - a potion of degeneration {unknown}
 l - a potion of haste {unknown}
 m - a potion of ambrosia {unknown}
 n - 2 potions of cancellation {unknown}


   Skills:
 - Level 3.0 Fighting
 + Level 3.4 Armour
 + Level 1.7 Dodging
 - Level 2.7 Shields
 * Level 7.2 Unarmed Combat


You had 6 spell levels left.
You didn't know any spells.
Your spell library was empty.

Dungeon Overview and Level Annotations

Branches:
Dungeon (4/15)
 Temple: D:4-7

Altars:
Vehumet
Yredelemnul

Shops:
D:2 [   D:4 (

Annotations:
D:4 2 transporters, BeavisTheGrey's ghost, weakling TrFi


Innate Abilities, Weirdness & Mutations

You have a pair of small horns on your head.
You are partially covered in yellow scales. (AC +2)


Message History

The slime creature quivers.
The endoplasm quivers.
The slime creature quivers.
The endoplasm quivers.
The slime creature quivers.
There is an open door here.
Something hits the fungus.
The fungus begins to die.
The fungus is splashed with acid.
The jelly hits you.
You are splashed with acid!
You punch the jelly!
Your hands burn!
The jelly is heavily wounded.
The jelly hits you. The acid corrodes you!
You are splashed with acid!
You hit the jelly but do no damage.
Your hands burn!
The jelly is heavily wounded.
A nearby fungus withers and dies.
You are too injured to fight recklessly!
You are too injured to fight recklessly!
You barely miss the jelly.
The jelly is heavily wounded.
You block the jelly's attack.
You hit the jelly.
Your hands burn!
Your headbutt misses the jelly.
The jelly is severely wounded.
The jelly hits you but does no damage.
The slime creature jiggles.
You hit the jelly.
Your hands burn!
You headbutt the jelly.
The jelly is almost dead.
The jelly closely misses you.
You hit the jelly but do no damage.
Your hands burn!
* * * LOW HITPOINT WARNING * * *
You headbutt the jelly.
You kill the jelly!
You hit the jelly.
Your hands burn!
* * * LOW HITPOINT WARNING * * *
You headbutt the jelly.
The jelly is moderately wounded.
Two slime creatures merge to form a very large slime creature.
Things that are here:
a +0 club; a stone The jelly jiggles.
As you read the scroll of fog, it crumbles to dust.
The scroll dissolves into smoke.
The very large slime creature hits you!!
You die...

#########÷...###.....##
.............##.......#
.............##.......#
.............##.......#
.............##..(....#
............######....#
##'#........###..'....#
...#........##§########
...#....<...###§@JJ.J##
...#........# #######'#
...#........#
....JJ...#
...######...#
.J...P..÷#
#####...#...#
..÷J.÷..÷# ......'...#
.J.J.J.P.# ......#...#
.÷...PJ÷.# .[....#...#
$......P.# ..... #...#
##########


You could see a very large slime creature and a jelly.

Vanquished Creatures
  A water moccasin (D:5)
  An ogre (D:5)
  2 kobold brigands (D:5)
  3 hounds
  A jelly (D:5)
  A bullfrog skeleton (D:5)
  A scorpion zombie (D:5)
  2 iguanas (D:5)
  A gnoll (D:3)
  5 adders
  2 white imps (D:5)
  2 ufetubi (D:5)
  An adder skeleton (D:4)
  3 worms
  4 dart slugs
  3 orcs
  7 ball pythons
  2 bats
  2 endoplasms
  3 giant cockroaches
  5 goblins
  11 hobgoblins
  3 jackals (D:3)
  5 quokkas
  5 frilled lizards
  16 kobolds
  8 rats
  A spectral orc (D:3)
101 creatures vanquished.

Vanquished Creatures (others)
  2 fungi (D:5)
  10 toadstools (D:5)
12 creatures vanquished.

Grand Total: 113 creatures vanquished

Notes
Turn   | Place    | Note
-------+----------+-------------------------------------------
     0 | D:1      | crazypyro the Demonspawn Fighter began the quest for the
                  | Orb.
     0 | D:1      | Reached XP level 1. HP: 18/18 MP: 1/1
    17 | D:1      | Found a faded altar of an unknown god.
    93 | D:1      | Reached skill level 2 in Unarmed Combat
   164 | D:1      | Gained mutation: You have a pair of small horns on your
                  | head. [demonic ancestry]
   164 | D:1      | Reached XP level 2. HP: 21/24 MP: 2/2
   737 | D:1      | Reached skill level 3 in Unarmed Combat
  1019 | D:2      | Reached XP level 3. HP: 27/29 MP: 3/3
  1022 | D:2      | Found Duifyom's Armour Shoppe.
  1245 | D:2      | Found a radiant altar of Vehumet.
  1408 | D:2      | Reached XP level 4. HP: 32/35 MP: 4/4
  1715 | D:3      | Reached skill level 4 in Unarmed Combat
  2126 | D:3      | Found a basalt altar of Yredelemnul.
  2434 | D:3      | Reached XP level 5. HP: 38/41 MP: 5/5
  2540 | D:3      | Reached skill level 5 in Unarmed Combat
  3292 | D:4      | Found Serorups's Antique Weapon Shoppe.
  3540 | D:4      | Found a transporter.
  3540 | D:4      | Noticed BeavisTheGrey's ghost (weakling TrFi)
  3649 | D:4      | Found a transporter.
  3660 | D:4      | You fall into a shaft and drop 1 floor!
  3660 | D:5      | Entered Level 5 of the Dungeon
  3671 | D:5      | Noticed an ogre
  3683 | D:5      | Killed an ogre
  3684 | D:5      | Reached XP level 6. HP: 6/47 MP: 6/6
  3867 | D:5      | Reached skill level 6 in Unarmed Combat
  4315 | D:5      | Gained mutation: You are partially covered in yellow
                  | scales. (AC +2) [demonic ancestry]
  4315 | D:5      | Reached XP level 7. HP: 40/52 MP: 7/7
  4331 | D:5      | Reached skill level 1 in Dodging
  4391 | D:5      | Reached skill level 7 in Unarmed Combat
  4727 | D:5      | Noticed a slime creature
  4727 | D:5      | Noticed a slime creature
  4727 | D:5      | Noticed a slime creature
  4744 | D:5      | Mangled by a very large slime creature

Illustrated notes

Levels and vault maps discovered:
D:1:      enne_arrival_octagon_isle, layout_basic,
          shapermc_ecumenical_altar_totnotflames
D:2:      layout_rooms, serial_shops, shop, basic_altar, grunt_decor_junction
D:3:      layout_basic, yredelemnul_forgotten_temple_becter,
          cheibrodos_gnoll_hut
D:4:      layout_layer_cave, serial_shops, nicolae_shop_advertising_works
          [nicolae_subvault_shop_adworks], gammafunk_ghost_mausoleum
D:5:      cheibrodos_fertilizer, layout_gridville, led_sif_pool,
          minmay_quadrilaterals, uniq_duvessa

Skill      XL: |  1  2  3  4  5  6  7 |
---------------+----------------------+-----
Unarmed Combat | 2 3 4 5 6 7 |  7.2
Armour         | 3 |  3.4
Dodging        | 1 |  1.7
Fighting       | |  3.0
Shields        | |  2.7

Action                   |  1- 3 |  4- 6 |  7- 9 || total
-------------------------+-------+-------+-------++-------
Melee: Unarmed           |   114 |   222 |    43 ||   379
       Headbutt          |    14 |    34 |    10 ||    58
  Use: Scroll            |       |     8 |     1 ||     9
Armor: Scale mail        |    36 |    70 |    34 ||   140
Dodge: Dodged            |    59 |    83 |    28 ||   170
Block: Buckler           |    13 |    33 |    19 ||    65
